 Dungeon Crawl Stone Soup version 0.30-a0-1053-gbd8d5ba0ad (webtiles) character file.

Game seed: 13239507282623396257

266 Iich the Shooter (level 6, -1/47 HPs)
             Began as a Demonspawn Hunter on Apr 11, 2023.
             Slain by a kobold brigand
             ... wielding a +0 dagger of speed
              (4 damage)
             ... on level 4 of the Dungeon.
             The game lasted 00:06:01 (3084 turns).

Iich the Shooter (Demonspawn Hunter)                Turns: 3084, Time: 00:06:01

Health: -1/47      AC:  5    Str: 11    XL:     6   Next: 0%
Magic:  6/6        EV: 12    Int: 10    God:
Gold:   194        SH:  0    Dex: 23    Spells: 5/5 levels left

rFire   . . .      SeeInvis .    a - +0 shortbow
rCold   . . .      Faith    .    (shield currently unavailable)
rNeg    . . .      Spirit   .    c - +0 leather armour
rPois   .          Reflect  .    f - +0 helmet
rElec   .          Rampage  .    (no cloak)
rCorr   .                        n - +0 pair of gloves
Will    .....                    (no boots)
Stlth   ++++                     (no amulet)
HPRegen 0.27/turn                (no ring)
MPRegen 0.10/turn                (no ring)

@: no status effects
A: thin skeletal structure 2, demonic guardian 1, foul stench 1
a: no special abilities


You were on level 4 of the Dungeon.
You visited 1 branch of the dungeon, and saw 4 of its levels.

You collected 194 gold pieces.

Inventory:

Hand Weapons
 a - a +0 shortbow (weapon)
 b - a +0 dagger
Armour
 c - a +0 leather armour (worn)
 f - a +0 helmet (worn)
 g - a +0 ring mail
 n - a +0 pair of gloves (worn)
Scrolls
 e - 3 scrolls of identify {unknown}
 h - a scroll of immolation
 m - a scroll of poison {unknown}
 o - a scroll of vulnerability {unknown}
 r - a scroll of teleportation {unknown}
Potions
 d - a potion of heal wounds {unknown}
 i - 2 potions of might {unknown}
 j - a potion of cancellation {unknown}
 k - a potion of ambrosia
 l - a potion of brilliance {unknown}
 p - a potion of haste {unknown}
 q - 2 potions of curing


   Skills:
 + Level 3.5 Fighting
 * Level 5.4 Ranged Weapons
 - Level 1.7 Dodging
 + Level 2.6 Stealth


You had 5 spell levels left.
You didn't know any spells.
Your spell library contained the following spells:

 Spells                   Type           Power      Damage    Failure   Level
 Frozen Ramparts          Ice            0%         1d1       83%         3
 Ice Form                 Ice/Tmut       0%         N/A       99%         4
 Summon Ice Beast         Ice/Summ       0%         N/A       99%         4


Dungeon Overview and Level Annotations

Branches:
Dungeon (4/15)
 Temple: D:4-7

Altars:
Dithmenos
Uskayaw
Wu Jian

Annotations:
D:3 2 transporters


Innate Abilities, Weirdness & Mutations

You have a moderately thin skeletal structure. (Dex +4, Stealth++)
A weak demonic guardian rushes to your aid.
You may rarely emit foul miasma when damaged in melee.


Message History

You hit the kobold brigand.
The kobold brigand is heavily wounded.
Your quasit closely misses the kobold brigand.
Your quasit claws the kobold brigand but does no damage.
Your quasit closely misses the kobold brigand.
The kobold brigand hits your quasit with a +0 dagger of speed.
Your quasit misses the kobold brigand.
Your quasit barely misses the kobold brigand.
Your quasit claws the kobold brigand but does no damage.
You hit the kobold brigand.
The kobold brigand is severely wounded.
The kobold brigand hits you with a +0 dagger of speed.
* * * LOW HITPOINT WARNING * * *
A demonic guardian appears!
Your quasit barely misses the kobold brigand.
Your quasit claws the kobold brigand. x2
The kobold brigand hits your quasit with a +0 dagger of speed!
You take 4 damage, and have 8/47 hp.
a - a +0 shortbow (weapon)
The kobold brigand hits your quasit with a +0 dagger of speed.
Your quasit dies!
Your quasit disappears in a puff of smoke!
You shoot an arrow. The kobold brigand shouts!
The arrow hits the kobold brigand.
The kobold brigand is severely wounded.
The kobold brigand hits you with a +0 dagger of speed.
* * * LOW HITPOINT WARNING * * *
A demonic guardian appears!
The kobold brigand hits you with a +0 dagger of speed.
* * * LOW HITPOINT WARNING * * *
You emit a cloud of foul miasma!
You take 5 damage, and have 3/47 hp.
You are too injured to fight recklessly!
You shoot an arrow.
The arrow closely misses the kobold brigand.
The kobold brigand is engulfed in dark miasma.
The kobold brigand is poisoned.
The kobold brigand seems to slow down.
The kobold brigand hits you with a +0 dagger of speed.
You die...

...............###'####
######
........######...#.##.#
#....# ........#
##..#.##.# #.#.##
........#
#..#.##.######.#.##
........# #
#..#...........#.##
........# #~
#..####.########.##
........ ##~~##.5# #.#
#.## .. #~~~≈#..#
#.########.## ##
#~~≈≈#@5# #.#........##
#~~~~#K.# #.#.#########
##~~##).# #.#.#........
#~~ ..####.#.#.#######
..~ ..#..#.#.#.### ##.
.)##..#.#.....# #.
).#~......#[#.#
#..#~..#.#.#.#.#
#~~...#.#.#.#


You could see a kobold brigand (poisoned, slow, ally target), a friendly white
imp (summoned) and a friendly shadow imp (summoned).

Vanquished Creatures
  A scorpion (D:4)
  Jessica (D:2)
  2 orc wizards (D:4)
  A sleepcap (D:4)
  3 adders
  2 dart slugs (D:2)
  2 orcs
  7 bats
  2 endoplasms (D:1)
  4 giant cockroaches
  8 goblins
  12 hobgoblins
  11 kobolds
  4 quokkas
  6 ball pythons
  2 frilled lizards
  4 rats
72 creatures vanquished.

Notes
Turn   | Place    | Note
-------+----------+-------------------------------------------
     0 | D:1      | Iich the Demonspawn Hunter began the quest for the Orb.
     0 | D:1      | Reached XP level 1. HP: 16/16 MP: 1/1
   122 | D:1      | Gained mutation: You have a somewhat thin skeletal
                  | structure. (Dex +2, Stealth+) [demonic ancestry]
   122 | D:1      | Reached XP level 2. HP: 22/22 MP: 2/2
   150 | D:1      | Reached skill level 4 in Ranged Weapons
   233 | D:1      | You fall into a shaft and drop 1 floor!
   561 | D:1      | Reached skill level 1 in Stealth
   930 | D:2      | Gained mutation: You have a moderately thin skeletal
                  | structure. (Dex +4, Stealth++) [demonic ancestry]
   930 | D:2      | Reached XP level 3. HP: 28/28 MP: 3/3
  1341 | D:2      | Noticed Jessica
  1351 | D:2      | Killed Jessica
  1352 | D:2      | Reached XP level 4. HP: 15/34 MP: 4/4
  1736 | D:3      | Found an ornate altar of the Wu Jian Council.
  1762 | D:3      | Found a transporter.
  1842 | D:3      | Found a transporter.
  2516 | D:4      | Noticed a scorpion
  2532 | D:4      | Killed a scorpion
  2533 | D:4      | Reached skill level 5 in Ranged Weapons
  2533 | D:4      | Gained mutation: A weak demonic guardian rushes to your
                  | aid. [demonic ancestry]
  2533 | D:4      | Reached XP level 5. HP: 32/41 MP: 5/5
  2674 | D:4      | Found a hide-covered altar of Uskayaw.
  2674 | D:4      | Found a shadowy altar of Dithmenos.
  3070 | D:4      | Gained mutation: You may rarely emit foul miasma when
                  | damaged in melee. [demonic ancestry]
  3070 | D:4      | Reached XP level 6. HP: 47/47 MP: 6/6
  3084 | D:4      | Slain by a kobold brigand

Illustrated notes

Levels and vault maps discovered:
D:1:      evilmike_arrival_plus, layout_basic
D:2:      cheibrodos_helix_gallery, layout_basic, hex_intersection,
          kennysheep_generic_room_4, uniq_jessica
D:3:      gammafunk_wand_slinger, layout_loops_ring, nzn_wu_jian_council_hall,
          kennysheep_generic_room_11
D:4:      cheibrodos_thug_alley, layout_basic, gammafunk_temple_overflow_pools,
          temple_hall, minmay_misc_feat_four_crosses,
          minmay_fractal_squares_gapless_5

Skill      XL: |  1  2  3  4 |
---------------+-------------+-----
Ranged Weapons | 4 5 |  5.4
Stealth        | 1 2 |  2.6
Fighting       | 3 |  3.5
Dodging        | |  1.7

Action                     |  1- 3 |  4- 6 || total
---------------------------+-------+-------++-------
  Melee: Dagger            |     5 |     8 ||    13
         Shortbow          |       |     4 ||     4
   Fire: Shortbow          |    67 |   112 ||   179
    Use: Potion            |     2 |       ||     2
 Armour: Leather armour    |     3 |    24 ||    27
  Dodge: Dodged            |    17 |    21 ||    38

Table legend: (Time is in decaauts)
 A = Elapsed time spent in this place.
 B = Non-inter-level travel time spent in this place.
 C = Inter-level travel time spent in this place.
 D = Time resting spent in this place.
 E = Time spent auto-exploring this place.
 F = Levels seen in this place.
 G = Mean time per level.
                   A        B        C        D        E       F      G
               +--------+--------+--------+--------+--------+-----+--------+
         Total |   3140 |   2969 |    171 |    123 |   2334 |   4 |  785.0 |
       Dungeon |   3140 |   2969 |    171 |    123 |   2334 |   4 |  785.0 |
               +--------+--------+--------+--------+--------+-----+--------+

Top non-repeatable levels by time:
     D:3: 916 daAuts
     D:1: 773 daAuts
     D:2: 758 daAuts
     D:4: 691 daAuts
